AoeStats
← HarryJGraham

Glade

510400501Analyzed
1v1 RM · 20h ago on Sep 30, 2026· 45m 19s· 2 players
Game mode
Random Map
Map size
Tiny (2 player)
Population
200
Speed
Normal
Resources
Standard
Victory
Conquest
Starting age
Dark Age
Ending age
Imperial Age
RankedLock teamsTeams togetherTeam positionsShared explorationLock speedFull tech treeHidden civsTurbo modeCheats
Victory
Defeat
🇬🇧 Portuguese · United Kingdom
643
+15
🇨🇱 Khmer · Chile
629
-15
PoncHo
11:16 Feudal Age
12:17 Double-Bit Axe
12:14 Horse Collar
26:09 Forging
29:05 Scale Barding Armor
36:40 Castle Age
42:03 Light Cavalry
HarryJGraham
10:14 Loom
13:29 Feudal Age
15:00 Double-Bit Axe
15:24 Gold Mining
15:18 Horse Collar
20:22 Castle Age
18:34 Fletching
20:01 Stone Mining
22:20 Wheelbarrow
21:59 Bow Saw
21:42 Pikeman
35:44 Bodkin Arrow
35:58 Heavy Plow
40:23 Imperial Age
39:26 Hand Cart
43:18 Conscription
43:05 Murder Holes
44:11 Chemistry
43:17 Bracer
45:28 Bombard Tower
Connection lost

Rejoining the realm…

Still unreachable

The connection could not be restored.

Session expired

The server has moved on; the page needs a fresh start.